 Dungeon Crawl Stone Soup version 0.21.1-1-g345015f (webtiles) character file.

469 vatarom the Caller (level 7, -5/40 HPs)
             Began as a Tengu Summoner on Mar 24, 2018.
             Was an Initiate of Sif Muna.
             Shot with an arrow by a centaur (13 damage)
             ... on level 5 of the Dungeon.
             The game lasted 00:10:11 (4887 turns).

vatarom the Caller (Tengu Summoner)                 Turns: 4887, Time: 00:10:12

Health: -5/40      AC:  2    Str: 10    XL:     7   Next: 9%
Magic:  9/14       EV: 12    Int: 14    God:    Sif Muna [......]
Gold:   160        SH:  0    Dex: 14    Spells: 4/14 levels left

rFire    . . .     SeeInvis .   i - +1 whip (venom)
rCold    . . .     Gourm    .   (no shield)
rNeg     . . .     Faith    .   a - +0 robe
rPois    .         Spirit   .   (helmet restricted)
rElec    .         Reflect  .   f - scarf {cloud immunity}
rCorr    .         Harm     .   (no gloves)
MR       .....                  (boots unavailable)
Stlth    ++........             (no amulet)
HPRegen  0.13/turn              (no ring)
MPRegen  0.14/turn              (no ring)

@: no status effects
A: beak, talons 3, dopey 1, able to fly 1
a: Fly, Renounce Religion


You were on level 5 of the Dungeon.
You worshipped Sif Muna.
Sif Muna was noncommittal.
You were hungry.

You visited 2 branches of the dungeon, and saw 6 of its levels.

You collected 160 gold pieces.

Inventory:

Hand Weapons
 i - a +1 whip of venom (weapon)
Armour
 a - a +0 robe (worn)
 f - a scarf of cloud immunity (worn)
Wands
 p - a wand of iceblast (12)
Scrolls
 d - 2 scrolls of remove curse
 l - a scroll of teleportation
 n - a scroll of enchant weapon
 q - a scroll of fog
Potions
 e - a potion of curing
 g - 2 potions of resistance
 h - a potion of heal wounds {unknown}
 j - a potion of haste {unknown}
 m - a potion of mutation {unknown}
Books
 b - a book of Callings

   Spells                             Type                      Level
   a - Summon Small Mammal            Summoning                    1
   b - Call Imp                       Summoning                    2
   c - Call Canine Familiar           Summoning                    3
   d - Summon Guardian Golem          Hexes/Summoning              3
   e - Summon Lightning Spire         Summoning/Air                4
   f - Summon Ice Beast               Ice/Summoning                4
Comestibles
 c - 7 rations


   Skills:
 + Level 2.6 Fighting
 - Level 2.1 Dodging
 - Level 2.0 Stealth
 + Level 4.1 Spellcasting
 * Level 7.2 Summonings
 * Level 3.0 Air Magic


You had 4 spell levels left.
You knew the following spells:

 Your Spells              Type           Power        Failure   Level  Hunger
a - Summon Small Mammal   Summ           ###.         1%          1    None
b - Call Imp              Summ           ###.....     1%          2    ##.....
c - Call Canine Familiar  Summ           ###.....     3%          3    ###....
d - Summon Lightning Spi  Summ/Air       ###.....     22%         4    ####...


Dungeon Overview and Level Annotations

Branches:
Dungeon (5/15)             Temple (1/1) D:5

Altars:
Ashenzari
Cheibriados
Dithmenos
Elyvilon
Fedhas
Gozag
Hepliaklqana
Kikubaaqudgha
Makhleb
Nemelex Xobeh
Okawaru
Qazlal
Ru
Sif Muna
Uskayaw
Vehumet
Wu Jian
Xom
Yredelemnul
Zin
The Shining One

Annotations:
D:3 TheNamelessOne's ghost, amateur MfIE


Innate Abilities, Weirdness & Mutations

You have a beak for a mouth.
You have claws for feet.
You can fly.
You are dopey. (Int -2)


Message History

You have reached level 7!
You start resting.
Your hound looks up at you expectantly.
The centaur wields a shortbow.
The centaur shoots an arrow.
The arrow hits you.
A centaur comes into view. It is wielding a shortbow.
A centaur is nearby!
What are your orders? t - Shout!
Orders for allies: a - Attack new target. r - Retreat! s - Stop attacking. g - Guard the area. f - Follow me.
Anything else - Cancel.
Gang up on whom?
Press: ? - help, Dir - move target cursor, f - centaur
Aim: a centaur, wielding a shortbow Attack!
The centaur shoots an arrow.
The arrow hits you!
* * * LOW HITPOINT WARNING * * *
The centaur shoots an arrow.
The arrow barely misses your hound. The arrow hits you!
You die...

###(#...#....#.# ##..#
#............## #...
#........(...<#....##
#.......8..........#
######............##.#..#
#....##.....(.....hc.#.<..
#........................
#....###.#####(.######.#
############.#†.@...# .#
...§...§..##...####......
.
.......§..##..####..#.?..
§.......§.#........######
..........#.########
..........#.#
..........#.#
..........8.#
............#


You could see a centaur and a friendly hound.

Vanquished Creatures
  A hound (D:4)
  2 worker ants
  A hound skeleton (D:5)
  A gnoll (D:3)
  5 adders (D:2)
  4 dart slugs
  A leopard gecko (D:4)
  An orc (D:3)
  5 ball pythons
  5 giant cockroaches
  A goblin (D:1)
  4 hobgoblins
  A jackal (D:2)
  A kobold (D:1)
  8 bats
  4 frilled lizards
  6 rats
51 creatures vanquished.

Vanquished Creatures (collateral kills)
  A phantom (D:5)
  An ice beast (D:5)
  A centaur (D:5)
  Ijyb (D:4)
  An orc wizard (D:3)
  3 worker ants
  A hound zombie (D:3)
  2 gnolls (D:3)
  8 adders
  2 worms (D:2)
  A dart slug (D:2)
  8 orcs
  A bat (D:1)
  A giant cockroach (D:2)
  3 goblins (D:2)
  A hobgoblin (D:3)
  A jackal (D:2)
  7 kobolds
  3 ball pythons
  4 frilled lizards
  2 rats
53 creatures vanquished.

Grand Total: 104 creatures vanquished

Notes
Turn   | Place    | Note
-------+----------+-------------------------------------------
     0 | D:1      | vatarom the Tengu Summoner began the quest for the Orb.
     0 | D:1      | Reached XP level 1. HP: 10/10 MP: 4/4
   204 | D:1      | Reached skill level 5 in Summonings
   293 | D:1      | Reached XP level 2. HP: 16/16 MP: 6/6
   298 | D:1      | Learned a level 2 spell: Call Imp
   806 | D:2      | Reached XP level 3. HP: 18/20 MP: 1/7
   873 | D:2      | Reached skill level 1 in Fighting
  1049 | D:2      | Reached XP level 4. HP: 21/25 MP: 5/9
  1260 | D:2      | Learned a level 3 spell: Call Canine Familiar
  1731 | D:2      | Reached skill level 6 in Summonings
  1748 | D:2      | Gained mutation: You can fly. [Tengu growth]
  1748 | D:2      | Reached XP level 5. HP: 12/30 MP: 6/10
  1924 | D:2      | Learned a level 4 spell: Summon Lightning Spire
  2124 | D:3      | Found an iron altar of Okawaru.
  2370 | D:3      | Noticed TheNamelessOne's ghost (amateur MfIE)
  2831 | D:3      | Noticed a neqoxec
  2832 | D:3      | Gained mutation: You are dopey. (Int -2) [a neqoxec]
  3382 | D:3      | Reached XP level 6. HP: 25/35 MP: 10/12
  3612 | D:4      | Noticed Ijyb
  3629 | D:4      | Killed Ijyb
  3689 | D:4      | Reached skill level 1 in Air Magic
  4530 | D:5      | Entered Level 5 of the Dungeon
  4530 | D:5      | Noticed an ice beast
  4540 | D:5      | Killed an ice beast
  4540 | D:5      | Reached skill level 7 in Summonings
  4695 | D:5      | Found a staircase to the Ecumenical Temple.
  4706 | Temple   | Entered the Ecumenical Temple
  4721 | Temple   | Became a worshipper of Sif Muna the Loreminder
  4856 | D:5      | Noticed a phantom
  4874 | D:5      | Killed a phantom
  4874 | D:5      | Reached XP level 7. HP: 25/40 MP: 7/14
  4887 | D:5      | Shot with an arrow by a centaur

Skill      XL: |  1  2  3  4  5  6 |
---------------+-------------------+-----
Summonings     | 5 6 7 |  7.2
Fighting       | 1 2 |  2.6
Spellcasting   | 3 4 |  4.1
Air Magic      | 3 |  3.0
Dodging        | |  2.1
Stealth        | |  2.0

Action                   |  1- 3 |  4- 6 |  7- 9 || total
-------------------------+-------+-------+-------++-------
Melee: Short sword       |    20 |       |       ||    20
       Peck              |     5 |    11 |       ||    16
       Kick              |     4 |    20 |       ||    24
       Whip              |     1 |   104 |       ||   105
 Cast: Summon Small Mamm |     5 |       |       ||     5
       Call Imp          |    14 |     7 |       ||    21
       Call Canine Famil |       |    19 |       ||    19
       Summon Lightning  |       |    11 |       ||    11
  Use: Scroll            |       |     7 |       ||     7
       Potion            |       |     1 |       ||     1
 Stab: Sleeping          |     8 |     5 |       ||    13
       Distracted        |       |     1 |       ||     1
  Eat: Chunk             |     1 |    10 |       ||    11
       Ration            |       |     2 |       ||     2
Armor: Robe              |     2 |    29 |       ||    31
Dodge: Dodged            |     9 |    79 |       ||    88
